ORI
UNIVERSITY OF ALABAMA CRIMSON TIDE @ MISSISSIPPI STATE UNIVERSITY BULLDOGS
09/22/2044
 
TOP OF THE 1ST
University of Alabama Crimson Tide batting - Pitching for Mississippi State University Bulldogs : LHP Shi-yu Lou
Pitching: LHP Shi-yu Lou
Batting: RHB António Scarlett 0-0: Called Strike
0-1: Swinging Strike
0-2: Ball
1-2: SINGLE (Groundball, 25, EV 69.4 MPH) (infield hit)
Batting: RHB Shura Beschenko 0-0: Ball
1-0: Foul Ball, location: 2F
1-1: Called Strike
1-2: Foul Ball, location: 2F
1-2: Fly out, F2 (Popup, 23F, EV 82.5 MPH)
Batting: RHB Adam Turpin 0-0: Called Strike
0-1: Ball
1-1: Ball
2-1: Called Strike
2-2: SINGLE (Groundball, 6MD, EV 102.5 MPH)
António Scarlett to second
Runner from 2nd tries for 3rd, SAFE, no throw by CF
Batting: RHB Willie Torres 0-0: Ball
1-0: Called Strike
1-1: Swinging Strike
1-2: Ball
2-2: Ball
3-2: Base on Balls
Adam Turpin to second
Batting: LHB Chris Cohen 0-0: Ball
1-0: Fielders Choice at 2nd, 6-4 (Groundball, 6, EV 85.6 MPH)
António Scarlett scores
Adam Turpin to third
Batting: RHB Er Le 0-0: Called Strike
0-1: Called Strike
0-2: SINGLE (Flyball, 89S, EV 89.4 MPH)
Adam Turpin scores
Chris Cohen to second
Runner from 2nd tries for 3rd, SAFE, no throw by RF
Batting: RHB Seisaburo Edagawa 0-0: Swinging Strike
0-1: Ball
1-1: Swinging Strike
1-2: Ground out 4-3 (Groundball, 4, EV 86.3 MPH)
Top of the 1st over - 2 runs, 3 hits, 0 errors, 2 left on base; University of Alabama 2 - Mississippi State University 0
BOTTOM OF THE 1ST
Mississippi State University Bulldogs batting - Pitching for University of Alabama Crimson Tide : RHP Jun Yamashita
Pitching: RHP Jun Yamashita
Batting: RHB Bo Mar 0-0: Fly out, F1 (Line Drive, P, EV 66.9 MPH)
Batting: RHB Bryan Payne 0-0: Fly out, F4 (Line Drive, 4, EV 69.4 MPH)
Batting: RHB Mike Bearden 0-0: Ball
1-0: Called Strike
1-1: Foul Ball, location: 2F
1-2: Foul Ball, location: 2F
1-2: Ground out 4-3 (Groundball, 4S, EV 88.8 MPH)
Bottom of the 1st over - 0 runs, 0 hits, 0 errors, 0 left on base; University of Alabama 2 - Mississippi State University 0
TOP OF THE 2ND
University of Alabama Crimson Tide batting - Pitching for Mississippi State University Bulldogs : LHP Shi-yu Lou
Batting: RHB Ray Travis 0-0: Ball
1-0: Foul Ball, location: 2F
1-1: Foul Ball, location: 2F
1-2: Ball
2-2: Foul Ball, location: 2F
2-2: Ball
3-2: Ground out 5-3 (Groundball, 56S, EV 80.6 MPH)
Batting: RHB Aaron Bateman 0-0: Fly out, F8 (Flyball, 8RD, EV 87.5 MPH)
Batting: RHB António Scarlett 0-0: Called Strike
0-1: Ball
1-1: Reached on error, E6 (Groundball, 6, EV 86.9 MPH)
Batting: RHB Shura Beschenko 0-0: Called Strike
0-1: Ball
1-1: Ball
2-1: Ball
3-1: SINGLE (Line Drive, 7S, EV 103.8 MPH)
António Scarlett to second
Batting: RHB Adam Turpin 0-0: Ball
1-0: Ball
2-0: Foul Ball, location: 2F
2-1: Foul Ball, location: 2F
2-2: Foul Ball, location: 2F
2-2: SINGLE (Groundball, 6MD, EV 100.0 MPH)
António Scarlett to third
Shura Beschenko to second
Runner from 3rd tries for Home, SAFE, throw by CF to home
Batting: RHB Willie Torres 0-0: Called Strike
0-1: Called Strike
0-2: Ball
1-2: Ball
2-2: Ball
3-2: Ground out 6-3 (Groundball, 6, EV 96.3 MPH)
Top of the 2nd over - 1 run, 2 hits, 1 error, 2 left on base; University of Alabama 3 - Mississippi State University 0
BOTTOM OF THE 2ND
Mississippi State University Bulldogs batting - Pitching for University of Alabama Crimson Tide : RHP Jun Yamashita
Batting: RHB Kazuki Arai 0-0: Called Strike
0-1: Ball
1-1: Ball
2-1: Swinging Strike
2-2: SOLO HOME RUN (Flyball, 7D, EV 99.4 MPH), Distance : 373 ft
Batting: RHB Alain Marquet 0-0: Foul Ball, location: 2F
0-1: Called Strike
0-2: Ball
1-2: Ball
2-2: Ball
3-2: Foul Ball, location: 2F
3-2: SINGLE (Groundball, 6MD, EV 105.6 MPH)
Batting: LHB Dave Carlisle 0-0: Ball
Wild Pitch!
Alain Marquet to second
1-0: Called Strike
1-1: Ball
2-1: Ball
3-1: Base on Balls
Batting: LHB Ken Morehead 0-0: Ball
1-0: Swinging Strike
1-1: Swinging Strike
1-2: Strikes out swinging
Batting: RHB Justin Young 0-0: Called Strike
0-1: Foul Ball, location: 2F
0-2: Ball
1-2: Ball
2-2: Ball
3-2: Foul Ball, location: 2F
3-2: Strikes out looking
Batting: LHB Afanasy Zasekin 0-0: Ball
1-0: Reached on error, E3 (Groundball, 13, EV 86.9 MPH)
Alain Marquet to third
Dave Carlisle to second
Batting: RHB Bo Mar 0-0: Ball
1-0: Ball
2-0: Ground out 1-3 (Groundball, 15, EV 64.4 MPH)
Bottom of the 2nd over - 1 run, 2 hits, 1 error, 3 left on base; University of Alabama 3 - Mississippi State University 1
TOP OF THE 3RD
University of Alabama Crimson Tide batting - Pitching for Mississippi State University Bulldogs : LHP Shi-yu Lou
Batting: LHB Chris Cohen 0-0: Ball
1-0: Ball
2-0: Called Strike
2-1: Foul Ball, location: 2F
2-2: Foul Ball, location: 2F
2-2: Foul Ball, location: 2F
2-2: Strikes out swinging
Batting: RHB Er Le 0-0: Called Strike
0-1: Foul Ball, location: 2F
0-2: Strikes out swinging
Batting: RHB Seisaburo Edagawa 0-0: Ball
1-0: Fly out, F4 (Popup, 4MD, EV 70.6 MPH)
Top of the 3rd over - 0 runs, 0 hits, 0 errors, 0 left on base; University of Alabama 3 - Mississippi State University 1
BOTTOM OF THE 3RD
Mississippi State University Bulldogs batting - Pitching for University of Alabama Crimson Tide : RHP Jun Yamashita
Batting: RHB Bryan Payne 0-0: Called Strike
0-1: Swinging Strike
0-2: Foul Ball, location: 2F
0-2: Ball
1-2: SOLO HOME RUN (Flyball, 7LD, EV 92.5 MPH), Distance : 346 ft
Batting: RHB Mike Bearden 0-0: Ball
1-0: Called Strike
1-1: Foul Ball, location: 2F
1-2: SINGLE (Line Drive, 78M, EV 86.9 MPH)
Batting: RHB Kazuki Arai 0-0: Ball
1-0: Foul Ball, location: 2F
1-1: Foul Ball, location: 2F
1-2: Fielders Choice at 2nd, 3-6 (Groundball, 3, EV 85.0 MPH)
Batting: RHB Alain Marquet 0-0: Ball
1-0: Ball
2-0: Foul Ball, location: 2F
2-1: Ball
3-1: Foul Ball, location: 2F
3-2: Fly out, F8 (Flyball, 78XD, EV 105.0 MPH)
Batting: LHB Dave Carlisle 0-0: Foul Ball, location: 2F
0-1: Ball
Wild Pitch!
Kazuki Arai to second
1-1: Called Strike
1-2: Fly out, F9 (Line Drive, 9, EV 94.4 MPH)
Bottom of the 3rd over - 1 run, 2 hits, 0 errors, 1 left on base; University of Alabama 3 - Mississippi State University 2
TOP OF THE 4TH
University of Alabama Crimson Tide batting - Pitching for Mississippi State University Bulldogs : LHP Shi-yu Lou
Batting: RHB Ray Travis 0-0: Ball
1-0: Swinging Strike
1-1: Ball
2-1: Swinging Strike
2-2: Strikes out swinging
Batting: RHB Aaron Bateman 0-0: Ball
1-0: Foul Ball, location: 2F
1-1: Foul Ball, location: 2F
1-2: Strikes out swinging
Batting: RHB António Scarlett 0-0: Called Strike
0-1: Ball
1-1: Swinging Strike
1-2: Ball
2-2: Ball
3-2: SINGLE (Line Drive, 8LS, EV 108.8 MPH)
Pitching: LHP Jon Lawson
Batting: RHB Shura Beschenko 0-0: Called Strike
António Scarlett steals 2nd base
0-1: Ball
1-1: Foul Ball, location: 2F
1-2: Strikes out swinging
Top of the 4th over - 0 runs, 1 hit, 0 errors, 1 left on base; University of Alabama 3 - Mississippi State University 2
BOTTOM OF THE 4TH
Mississippi State University Bulldogs batting - Pitching for University of Alabama Crimson Tide : RHP Jun Yamashita
Batting: LHB Ken Morehead 0-0: Ball
1-0: Ball
2-0: Ground out 5-3 (Groundball, 56D, EV 85.6 MPH)
Batting: RHB Justin Young 0-0: Called Strike
0-1: Foul Ball, location: 2F
0-2: Ball
1-2: Ball
2-2: Strikes out swinging
Batting: LHB Afanasy Zasekin 0-0: Fly out, F8 (Flyball, 8RS, EV 93.1 MPH)
Bottom of the 4th over - 0 runs, 0 hits, 0 errors, 0 left on base; University of Alabama 3 - Mississippi State University 2
TOP OF THE 5TH
University of Alabama Crimson Tide batting - Pitching for Mississippi State University Bulldogs : LHP Jon Lawson
Batting: RHB Adam Turpin 0-0: Called Strike
0-1: Ball
1-1: Foul Ball, location: 2F
1-2: Ground out 4-3 (Groundball, 4, EV 92.5 MPH)
Batting: RHB Willie Torres 0-0: Hit by Pitch
Batting: LHB Chris Cohen 0-0: Ball
1-0: Ball
2-0: Called Strike
2-1: Foul Ball, location: 2F
2-2: Ball
3-2: Strikes out looking
Batting: RHB Er Le 0-0: Called Strike
0-1: Ball
1-1: Called Strike
1-2: Strikes out swinging
Top of the 5th over - 0 runs, 0 hits, 0 errors, 1 left on base; University of Alabama 3 - Mississippi State University 2
BOTTOM OF THE 5TH
Mississippi State University Bulldogs batting - Pitching for University of Alabama Crimson Tide : RHP Jun Yamashita
Batting: RHB Bo Mar 0-0: Ball
1-0: Swinging Strike
1-1: Fly out, F5 (Popup, 5S, EV 73.1 MPH)
Batting: RHB Bryan Payne 0-0: Ball
1-0: Foul Ball, location: 2F
1-1: Ground out 6-3 (Groundball, 6, EV 82.5 MPH)
Batting: RHB Mike Bearden 0-0: Called Strike
0-1: Fly out, F7 (Flyball, 8LS, EV 95.0 MPH)
Bottom of the 5th over - 0 runs, 0 hits, 0 errors, 0 left on base; University of Alabama 3 - Mississippi State University 2
TOP OF THE 6TH
University of Alabama Crimson Tide batting - Pitching for Mississippi State University Bulldogs : LHP Jon Lawson
Batting: RHB Seisaburo Edagawa 0-0: Ball
1-0: SINGLE (Groundball, 56D, EV 103.1 MPH)
Batting: RHB Ray Travis 0-0: Ball
1-0: Called Strike
1-1: Fielders Choice at 2nd, 6-4 (Groundball, 6M, EV 78.8 MPH)
Batting: RHB Aaron Bateman 0-0: Ball
1-0: Swinging Strike
1-1: Swinging Strike
1-2: Foul Ball, location: 2F
1-2: Fly out, F4 (Line Drive, 4, EV 70.6 MPH)
Batting: RHB António Scarlett 0-0: Swinging Strike
0-1: SINGLE (Line Drive, 8LS, EV 92.5 MPH)
Ray Travis to second
Batting: RHB Shura Beschenko 0-0: SINGLE (Line Drive, 89S, EV 103.1 MPH)
Ray Travis to third
António Scarlett to second
Runner from 3rd tries for Home, SAFE, throw by RF to home
Batting: RHB Adam Turpin 0-0: Called Strike
0-1: Foul Ball, location: 2F
0-2: Ball
1-2: Foul Ball, location: 2F
1-2: Fly out, F8 (Flyball, 8LXD, EV 100.6 MPH)
Top of the 6th over - 1 run, 3 hits, 0 errors, 2 left on base; University of Alabama 4 - Mississippi State University 2
BOTTOM OF THE 6TH
Mississippi State University Bulldogs batting - Pitching for University of Alabama Crimson Tide : RHP Jun Yamashita
Batting: RHB Kazuki Arai 0-0: Ball
1-0: Called Strike
1-1: Ball
2-1: Foul Ball, location: 2F
2-2: Foul Ball, location: 2F
2-2: Ball
3-2: Foul Ball, location: 2F
3-2: Fly out, F8 (Flyball, 78D, EV 96.9 MPH)
Batting: RHB Alain Marquet 0-0: Ball
1-0: Ball
2-0: Foul Ball, location: 2F
2-1: Ball
3-1: Swinging Strike
3-2: DOUBLE (Line Drive, 7LM, EV 95.6 MPH)
Pitching: RHP Joe Babich
Batting: LHB Dave Carlisle 0-0: Called Strike
0-1: Foul Ball, location: 2F
0-2: Ball
1-2: Ball
2-2: Strikes out swinging
Batting: LHB Ken Morehead 0-0: Swinging Strike
0-1: Ball
1-1: Ball
2-1: Called Strike
2-2: Ball
3-2: Base on Balls
Batting: RHB Justin Young 0-0: Ball
1-0: SINGLE (Line Drive, 4D, EV 96.9 MPH)
Alain Marquet to third
Ken Morehead to second
Runner from 3rd tries for Home, throw by CF and OUT! 8-2
Bottom of the 6th over - 0 runs, 2 hits, 0 errors, 2 left on base; University of Alabama 4 - Mississippi State University 2
TOP OF THE 7TH
University of Alabama Crimson Tide batting - Pitching for Mississippi State University Bulldogs : LHP Jon Lawson
Pitching: LHP John Schmidt
Batting: RHB Willie Torres 0-0: Called Strike
0-1: Ball
1-1: Foul Ball, location: 2F
1-2: Ball
2-2: Ball
3-2: SINGLE (Line Drive, 78M, EV 97.5 MPH)
Batting: LHB Chris Cohen 0-0: Ball
1-0: Foul Ball, location: 2F
1-1: Fielders Choice at 2nd, 1-6 (Groundball, 34S, EV 63.8 MPH)
Batting: RHB Er Le 0-0: Swinging Strike
0-1: Ball
1-1: Fly out, F7 (Flyball, 7D, EV 85.0 MPH)
Batting: RHB Seisaburo Edagawa 0-0: Called Strike
0-1: Ball
1-1: Fly out, F9 (Line Drive, 9D, EV 90.6 MPH)
Top of the 7th over - 0 runs, 1 hit, 0 errors, 1 left on base; University of Alabama 4 - Mississippi State University 2
BOTTOM OF THE 7TH
Mississippi State University Bulldogs batting - Pitching for University of Alabama Crimson Tide : RHP Joe Babich
Pitching: RHP Jerry Griffith
Batting: LHB Afanasy Zasekin 0-0: Called Strike
0-1: Ball
1-1: Fly out, F5 (Popup, 56, EV 67.5 MPH)
Pinch Hitting: SHB Corey Penson 0-0: Foul Ball, location: 2F
0-1: Ball
1-1: Foul Ball, location: 2F
1-2: Strikes out swinging
Batting: RHB Bryan Payne 0-0: Swinging Strike
0-1: Ball
1-1: Swinging Strike
1-2: Strikes out swinging, 2-3 out at first.
Bottom of the 7th over - 0 runs, 0 hits, 0 errors, 0 left on base; University of Alabama 4 - Mississippi State University 2
TOP OF THE 8TH
University of Alabama Crimson Tide batting - Pitching for Mississippi State University Bulldogs : LHP John Schmidt
Now at 2B: Francisco de la Torre
Batting: RHB Ray Travis 0-0: Called Strike
0-1: Swinging Strike
0-2: Ball
1-2: Ball
2-2: Ball
3-2: Base on Balls
Batting: RHB Aaron Bateman 0-0: SINGLE (Groundball, 56D, EV 94.4 MPH)
Ray Travis to second
Batting: RHB António Scarlett 0-0: Bunt missed!
0-1: Bunt missed!
0-2: Ball
1-2: Ball
2-2: Ball
3-2: Fly out, F8 (Flyball, 78D, EV 105.6 MPH)
Batting: RHB Shura Beschenko 0-0: Ball
1-0: Fly out, F9 (Line Drive, 9, EV 98.1 MPH)
Batting: RHB Adam Turpin 0-0: Ball
1-0: Swinging Strike
1-1: Foul Ball, location: 2F
1-2: Fly out, F9 (Flyball, 89D, EV 108.1 MPH)
Top of the 8th over - 0 runs, 1 hit, 0 errors, 2 left on base; University of Alabama 4 - Mississippi State University 2
BOTTOM OF THE 8TH
Mississippi State University Bulldogs batting - Pitching for University of Alabama Crimson Tide : RHP Jerry Griffith
Pitching: RHP Harry Dickson
Batting: RHB Mike Bearden 0-0: Called Strike
0-1: Ball
1-1: Swinging Strike
1-2: Foul Ball, location: 2F
1-2: Strikes out swinging
Batting: RHB Kazuki Arai 0-0: Called Strike
0-1: Foul Ball, location: 2F
0-2: Strikes out swinging
Pinch Hitting: LHB Rich Matthews 0-0: Foul Ball, location: 2F
0-1: Ball
1-1: Swinging Strike
1-2: Strikes out swinging
Bottom of the 8th over - 0 runs, 0 hits, 0 errors, 0 left on base; University of Alabama 4 - Mississippi State University 2
TOP OF THE 9TH
University of Alabama Crimson Tide batting - Pitching for Mississippi State University Bulldogs : LHP John Schmidt
Pitching: RHP Walt Bunney
Now at 3B: Xiao-shuang Au
Batting: LHB Miguel Ramos 0-0: Ball
1-0: Ball
2-0: Foul Ball, location: 2F
2-1: Foul Ball, location: 2F
2-2: Ball
3-2: Foul Ball, location: 2F
3-2: Ground out U3 (Groundball, 34, EV 86.3 MPH)
Batting: LHB Chris Cohen 0-0: Swinging Strike
0-1: Swinging Strike
0-2: Ball
1-2: Strikes out swinging, 2-3 out at first.
Batting: RHB Er Le 0-0: Ball
1-0: Foul Ball, location: 2F
1-1: Foul Ball, location: 2F
1-2: Foul Ball, location: 2F
1-2: SINGLE (Line Drive, 4M, EV 98.8 MPH)
Batting: RHB Seisaburo Edagawa 0-0: Ball
1-0: Ball
2-0: Foul Ball, location: 2F
2-1: Hit by Pitch
Er Le to second
Batting: RHB Ray Travis 0-0: Foul Ball, location: 2F
0-1: Swinging Strike
0-2: Strikes out looking
Top of the 9th over - 0 runs, 1 hit, 0 errors, 2 left on base; University of Alabama 4 - Mississippi State University 2
BOTTOM OF THE 9TH
Mississippi State University Bulldogs batting - Pitching for University of Alabama Crimson Tide : RHP Harry Dickson
Batting: LHB Dave Carlisle 0-0: Called Strike
0-1: Ball
1-1: Ball
2-1: Foul Ball, location: 2F
2-2: Ball
3-2: Foul Ball, location: 2F
3-2: Foul Ball, location: 2F
3-2: Base on Balls
Batting: LHB Ken Morehead 0-0: Ball
1-0: Swinging Strike
1-1: Called Strike
1-2: Ball
2-2: Strikes out swinging
Pinch Hitting: LHB Dusty Bryant 0-0: Ball
1-0: Ball
2-0: Ball
3-0: Called Strike
3-1: Called Strike
3-2: Fly out, F4 (Popup, 4S, EV 64.4 MPH)
Pinch Hitting: RHB George Wagner 0-0: Called Strike
0-1: Ball
1-1: Called Strike
1-2: Fly out, F4 (Flyball, 4MD, EV 82.5 MPH)
Bottom of the 9th over - 0 runs, 0 hits, 0 errors, 1 left on base; University of Alabama 4 - Mississippi State University 2
Thursday, March 31st , 2022 - OOTP Baseball 22.12 Build 89